 Dungeon Crawl Stone Soup version 0.23.2-1-ga50397a (webtiles) character file.

Game seed: 8949885480448961094

107 MalarOregon the Slasher (level 4, -4/38 HPs)
             Began as a Ghoul Warper on May 26, 2019.
             Slain by Natasha (8 damage)
             ... on level 2 of the Dungeon.
             The game lasted 00:02:50 (1264 turns).

MalarOregon the Slasher (Ghoul Warper)              Turns: 1264, Time: 00:02:51

Health: -4/38      AC:  6    Str: 15    XL:     4   Next: 85%
Magic:  6/6        EV:  9    Int:  8    God:
Gold:   85         SH:  0    Dex:  8    Spells: 7/7 levels left

rFire    . . .     SeeInvis .   a - +0 falchion
rCold    + . .     Gourm    .   (no shield)
rNeg     + + +     Faith    .   k - +0 scale mail
rPois    ∞         Spirit   .   (no helmet)
rElec    .         Reflect  .   (no cloak)
rCorr    .         Harm     .   (no gloves)
MR       .....                  (no boots)
Stlth    ..........             (no amulet)
HPRegen  0.00/turn              (no ring)
MPRegen  0.10/turn              (no ring)

@: rotting, slowed, very slow
A: rotting body, claws 1, carnivore, cold resistance 1, negative energy
resistance 3, inhibited regeneration, torment resistance, unbreathing
a: no special abilities


You were on level 2 of the Dungeon.
You were not hungry.

You visited 1 branch of the dungeon, and saw 2 of its levels.

You collected 85 gold pieces.

Inventory:

Hand Weapons
 a - a +0 falchion (weapon)
Missiles
 f - 5 tomahawks of dispersal (quivered) {!f}
Armour
 k - a +0 scale mail (worn)
   (You found it on level 1 of the Dungeon)
Jewellery
 m - a cursed amulet of inaccuracy {unknown}
   (You found it on level 1 of the Dungeon)
Scrolls
 b - 2 scrolls of identify {unknown}
 d - a scroll of blinking
 i - a scroll of immolation {unknown}
 j - 2 scrolls of noise {unknown}
 l - a scroll of magic mapping {unknown}
 n - 2 scrolls of enchant weapon {unknown}
 p - a scroll of teleportation {unknown}
 q - a scroll of remove curse {unknown}
Potions
 g - a potion of brilliance {unknown}
 h - a potion of haste {unknown}
 o - a potion of heal wounds {unknown}
Comestibles
 c - 5 chunks of flesh
 e - 4 rations {!d}


   Skills:
 - Level 3.3 Fighting
 + Level 3.5 Long Blades
 - Level 1.0 Throwing
 - Level 1.0 Armour
 - Level 2.0 Dodging
 - Level 2.0 Spellcasting
   Level 2.6 Translocations


You had 7 spell levels left.
You didn't know any spells.
Your spell library contained the following spells:

 Spells                   Type           Power        Failure   Level  Hunger
 Blink                    Tloc           N/A          58%         2    ###....
 Shroud of Golubria       Chrm/Tloc      #.........   77%         2    ###....
 Gell's Gravitas          Tloc           #.........   82%         3    ####...
 Lesser Beckoning         Tloc           #.........   82%         3    ####...
 Teleport Other           Tloc           #.......     82%         3    ####...
 Passage of Golubria      Tloc           N/A          99%         4    #####..


Dungeon Overview and Level Annotations

Branches:
Dungeon (2/15)

Altars:

Annotations:
D:2 Natasha


Innate Abilities, Weirdness & Mutations

Your body is rotting away.
You thrive on raw meat.
You are immune to poison.
You have sharp fingernails.
You are carnivorous and can eat meat at any time.
Your flesh is cold resistant. (rC+)
You are immune to negative energy. (rN+++)
You do not regenerate when monsters are visible.
You are immune to unholy pain and torment.
You can survive without breathing.


Message History

Found a scroll labeled GUHIASCHARYT.
Found a scroll labeled SYRIANALADD.
q - a scroll labeled GUHIASCHARYT Natasha, Servant of Life and Death comes into view.
You see here 14 gold pieces.
Natasha casts a spell at you.
You feel yourself slow down. Natasha claws you.
You barely miss Natasha. Natasha casts a spell at you.
The magic dart hits you but does no damage.
Natasha casts a spell at you. You resist with some effort.
You hit Natasha but do no damage. Natasha closely misses you.
You riposte.
You completely miss Natasha.
Natasha mumbles some strange words.
You slash the crimson imp! Natasha claws you. The crimson imp hits you.
You hit the crimson imp. Natasha claws you.
The crimson imp blinks!
Natasha claws you but does no damage.
You miss Natasha.
Natasha mumbles some strange words.
The crimson imp laughs crazily.
Natasha claws you.
You closely miss Natasha.
The crimson imp grinds its teeth.
Natasha claws you.
You miss the crimson imp.
The crimson imp hits you but does no damage.
Natasha completely misses you.
The crimson imp blinks!
The crimson imp hits you. Natasha claws you but does no damage.
You hit the crimson imp.
The crimson imp hits you but does no damage.
Natasha stares at you and mumbles some strange words.
The magic dart hits you.
* * * LOW HITPOINT WARNING * * *
The crimson imp hits you but does no damage.
Natasha stares at you and mumbles some strange words.
The magic dart hits you.
* * * LOW HITPOINT WARNING * * *
You closely miss Natasha.
The crimson imp blinks!
Natasha casts a spell at you. The magic dart hits you.
* * * LOW HITPOINT WARNING * * *
You slash Natasha!
The crimson imp disappears in a puff of smoke!
Natasha casts a spell at you. The magic dart hits you!
* * * LOW HITPOINT WARNING * * *
Natasha claws you!
You die...

#.# . #.#..# #.#
#######.#.##.#.#..####.#
#.......#....#.#.....#..
#......§..# #.#...#.#..
#.......#.# #.#...#.#..
#.......#.# #.#...#.#.#
#####'#$# # #.#...#.#.#
#.#§# #.#...#.#.# #.#@#
#.#...#.#.# #.#h#
#.#...#.#÷# ..#5#
#.#.....#.# ###.#
#.#######.# ..#
#.........# ###
###########


You could see Natasha and a crimson imp.

Vanquished Creatures
  Natasha (D:2)
  3 adders (D:2)
  3 worms (D:2)
  A dart slug (D:2)
  2 leopard geckos (D:1)
  A ball python (D:1)
  A giant cockroach (D:1)
  4 goblins
  4 hobgoblins
  2 jackals (D:1)
  2 quokkas (D:2)
  6 bats
  2 frilled lizards (D:1)
  8 kobolds
  4 rats (D:1)
44 creatures vanquished.

Notes
Turn   | Place    | Note
-------+----------+-------------------------------------------
     0 | D:1      | MalarOregon the Ghoul Warper began the quest for the Orb.
     0 | D:1      | Reached XP level 1. HP: 17/17 MP: 2/2
    64 | D:1      | Reached skill level 1 in Armour
    67 | D:1      | Reached skill level 1 in Throwing
    76 | D:1      | Reached XP level 2. HP: 7/25 MP: 3/3
   273 | D:1      | Reached XP level 3. HP: 24/30 MP: 5/5
   699 | D:2      | Noticed Natasha
   711 | D:2      | Killed Natasha
   711 | D:2      | Reached XP level 4. HP: 5/38 MP: 6/6
  1251 | D:2      | Noticed Natasha
  1264 | D:2      | Slain by Natasha

Skill      XL: |  1  2  3  4 |
---------------+-------------+-----
Armour         | 1 |  1.0
Throwing       | 1 |  1.0
Long Blades    | 2 3 |  3.5
Dodging        | 2 |  2.0
Spellcasting   | 2 |  2.0
Fighting       | 3 |  3.3
Translocations | |  2.6

Action                   |  1- 3 |  4- 6 || total
-------------------------+-------+-------++-------
Melee: Falchion          |   117 |    80 ||   197
  Eat: Chunk             |    12 |    11 ||    23
Armor: Leather armour    |    26 |       ||    26
       Scale mail        |    29 |    35 ||    64
Dodge: Dodged            |    76 |    54 ||   130
       Rpst.: Falchion   |    26 |    22 ||    48
